Map: Ephemeron LE

Players

Ratl - Winner!

  • Race: Protoss Protoss
  • Spawn Location: 5:00

VOD

Have the link to the VOD?

Description

Time

  • Played on: Oct. 29, 2019, 10:07 p.m.
  • Length: 23:26
Show
View Real Time Build Order
Export as new Build Order

Ratl Protoss - Winner!

Build Orders:  

Get SALT Encoding   

  12  0:08  Probe (Chrono Boost)  
  13  0:26  Probe (Chrono Boost)  
  14  0:32  Pylon  
  14  0:43  Pylon  
  14  0:52  Probe (Chrono Boost)  
  15  1:06  Assimilator  
  15  1:09  Probe (Chrono Boost)  
  16  1:20  Assimilator  
  16  1:22  Probe (Chrono Boost)  
  17  1:33  Probe (Chrono Boost)  
  18  1:46  Probe (Chrono Boost)  
  19  1:58  Probe (Chrono Boost)  
  20  2:10  Probe (Chrono Boost)  
  20  2:13  Gateway  
  20  2:16  Pylon  
  21  2:21  Pylon  
  21  2:23  Probe (Chrono Boost)  
  22  2:30  Pylon  
  23  2:40  Probe (Chrono Boost)  
  23  2:57  Probe (Chrono Boost)  
  24  3:14  Gateway  
  24  3:20  Forge  
  24  3:23  Pylon  
  24  3:57  Cybernetics Core  
  24  4:06  Gateway  
  24  4:19  Zealot  
  26  4:38  Photon Cannon  
  26  4:50  Photon Cannon  
  26  4:57  Zealot  
  28  5:17  Zealot  
  28  5:18  Zealot  
  32  5:35  Zealot  
  34  5:52  Zealot (Chrono Boost)  
  36  6:05  Zealot (Chrono Boost)  
  38  6:26  Stalker (Chrono Boost)  
  42  6:43  Zealot (Chrono Boost)  
  42  7:07  Stalker (Chrono Boost)  
  44  7:16  Nexus, Zealot (Chrono Boost)  
  46  7:21  Assimilator  
  46  7:24  Assimilator  
  48  7:31  Stalker (Chrono Boost)  
  48  7:35  Stalker (Chrono Boost)  
  48  7:44  Zealot (Chrono Boost)  
  48  8:22  Zealot (Chrono Boost)  
  46  8:45  Zealot x2 (Chrono Boost)  
  50  8:56  Zealot (Chrono Boost)  
  50  8:59  Probe (Chrono Boost)  
  53  9:12  Probe (Chrono Boost)  
  54  9:20  Zealot x2  
  54  9:25  Probe (Chrono Boost), Pylon  
  59  9:33  Stalker  
  61  9:42  Probe (Chrono Boost)  
  62  9:58  Stalker x2  
  62  9:59  Probe (Chrono Boost)  
  49  10:36  Probe (Chrono Boost)  
  50  10:48  Probe (Chrono Boost)  
  51  11:02  Probe (Chrono Boost)  
  52  11:19  Probe (Chrono Boost)  
  53  11:21  Zealot  
  53  11:25  Stalker  
  57  11:36  Probe (Chrono Boost)  
  58  11:53  Probe (Chrono Boost)  
  58  11:54  Twilight Council  
  58  11:59  Stargate, Zealot  
  61  12:01  Stargate  
  61  12:07  Stalker, Robotics Facility  
  64  12:10  Probe (Chrono Boost)  
  64  12:27  Probe (Chrono Boost)  
  65  12:37  Zealot  
  67  12:44  Probe (Chrono Boost)  
  67  12:49  Stalker  
  70  12:50  Zealot  
  70  12:53  Nexus  
  70  12:55  Assimilator  
  70  12:59  Assimilator  
  73  13:01  Probe (Chrono Boost)  
  73  13:15  Zealot  
  73  13:19  Protoss Ground Weapons Level 1 (Chrono Boost)  
  75  13:28  Stalker x2  
  75  13:29  Pylon  
  77  13:34  Pylon  
  79  13:41  Pylon  
  79  13:52  Pylon  
  79  13:53  Zealot  
  79  13:57  Pylon  
  79  13:58  Stalker  
  81  14:10  Stalker  
  79  14:54  Probe (Chrono Boost)  
  80  15:04  Zealot (Chrono Boost)  
  80  15:05  Probe (Chrono Boost), Zealot x2 (Chrono Boost)  
  80  15:07  Probe (Chrono Boost)  
  82  15:17  Probe  
  89  15:34  Probe  
  89  15:39  Zealot  
  95  15:40  Zealot x2  
  96  15:51  Probe  
  96  15:56  Protoss Ground Armor Level 1 (Chrono Boost)  
  96  15:58  Templar Archives  
  97  16:04  Probe (Chrono Boost), Fleet Beacon x2  
  97  16:06  Zealot x2  
  98  16:16  Probe (Chrono Boost)  
  98  16:17  Zealot  
  105  16:30  Probe (Chrono Boost)  
  106  16:41  Zealot  
  106  16:42  Zealot  
  106  16:43  Void Ray x2  
  106  16:47  Probe (Chrono Boost)  
  119  16:55  Zealot  
  121  17:04  Probe (Chrono Boost)  
  122  17:19  Zealot, Stalker  
  125  17:21  Probe (Chrono Boost)  
  127  17:36  Probe (Chrono Boost)  
  128  17:43  Void Ray x2  
  128  17:47  Probe (Chrono Boost)  
  136  17:59  Probe (Chrono Boost)  
  138  18:12  Robotics Facility  
  138  18:15  Probe (Chrono Boost)  
  140  18:32  Probe (Chrono Boost)  
  140  18:33  Robotics Facility  
  140  18:40  Psionic Storm  
  140  18:54  Protoss Shields Level 1  
  140  18:59  Void Ray  
  140  19:08  Protoss Air Weapons Level 1  
  100  20:40  Immortal  
  100  20:41  Immortal x2  
  100  20:47  Zealot x3  
  114  21:25  Stalker x2  
  118  21:35  Immortal  
  118  21:36  Immortal x2  
  120  22:30  Immortal  
  120  22:31  Immortal x2  
Tags
 
Add a new tag
Caveats
  • Supply blocks, unpowered buildings, or Contaminate may cause inaccurate times.
  • Supply counts are checked every 10 seconds.